 Dungeon Crawl Stone Soup version 0.19-a0-1899-g2d93087 (webtiles) character file.

77 JeffiDaFish the Cudgeler (level 4, -2/50 HPs)
             Began as an Ogre Berserker on Oct 19, 2016.
             Was a Believer of Trog.
             Killed from afar by Natasha (7 damage)
             ... with a magic dart
             ... on level 2 of the Dungeon.
             The game lasted 00:04:16 (1868 turns).

JeffiDaFish the Cudgeler (Ogre Berserker)           Turns: 1868, Time: 00:04:16

Health: -2/50      AC:  3    Str: 21 (23) XL:     4   Next: 33%
Magic:  4/4        EV: 10    Int:  5 (6)  God:    Trog [**....]
Gold:   164        SH:  0    Dex:  8 (9)  Spells: 0 memorised, 3 levels left

rFire  . . .     SeeInvis .     a - +1 mace
rCold  . . .     Gourm    .     b - +0 animal skin
rNeg   . . .     Faith    .     (no shield)
rPois  .         Spirit   .     (helmet restricted)
rElec  .         Reflect  .     (no cloak)
rCorr  .         Harm     .     (gloves unavailable)
MR     .....                    (boots unavailable)
Stlth  +.........               (no amulet)
                                (no ring)
                                (no ring)

@: slowed, very slow
A: unfitting armour, tough skin 1
a: Berserk, Trog's Hand, Burn Spellbooks, Renounce Religion


You were on level 2 of the Dungeon.
You worshipped Trog.
Trog was pleased with you.
You were not hungry.

You visited 1 branch of the dungeon, and saw 2 of its levels.

You collected 164 gold pieces.

Inventory:

Hand Weapons
 a - a +1 mace (weapon)
Armour
 b - a +0 animal skin (worn)
Wands
 h - a wand of random effects (31/48)
Scrolls
 g - a scroll of identify
Potions
 j - a potion of heal wounds
Comestibles
 c - a bread ration
 f - 3 fruits
 i - 5 chunks of flesh


   Skills:
 + Level 5.0 Fighting
 + Level 5.0 Maces & Flails
 + Level 3.4 Dodging


You had 3 spell levels left.
You didn't know any spells.

Dungeon Overview and Level Annotations

Branches:
Dungeon (2/15)

Altars:
Sif Muna

Annotations:
D:2 Natasha


Innate Abilities, Weirdness & Mutations

You are too large for most types of armour.
You have tough skin. (AC +1)


Message History

The crimson imp hits you but does no damage.
Natasha mumbles some strange words.
The kobold hits you with a short sword. The shadow imp closely misses you.
The crimson imp hits you. The hobgoblin barely misses you.
The crimson imp blinks!
The hobgoblin misses you.
The crimson imp blinks!
The kobold hits you with a short sword.
You see here 2 stones.
You sock the kobold!
You kill the kobold!
Trog accepts your kill. The hobgoblin barely misses you. Natasha claws you!
* * * LOW HITPOINT WARNING * * *
The shadow imp hits you.
* * * LOW HITPOINT WARNING * * *
The hobgoblin closely misses you.
You hit Natasha.
Natasha is lightly wounded.
Natasha stares at you and mumbles some strange words.
The magic dart hits you!
You die...

.## ..# #.# #.## +..####
#.....# ##.5...# #.
##.@h5..# #.# ##..#g5..#
#..# ###..##.....#
#...####...###.....#
#.........## #......# ##
#........#####........ ....
#...........##....#.#####
..#
#.....#.###..######...<.##.#
#####.....#..# #.....#..#


You could see Natasha, 2 crimson imps, a shadow imp and a hobgoblin.

Vanquished Creatures
  Terence (D:2)
  An adder (D:2)
  An ooze (D:1)
  A dart slug (D:2)
  A leopard gecko (D:2)
  2 giant cockroaches
  6 hobgoblins
  3 kobolds
  7 bats
  4 frilled lizards
  6 goblins
  2 rats
  3 toadstools (D:1)
38 creatures vanquished.

Vanquished Creatures (others)
  2 toadstools (D:1)
2 creatures vanquished.

Grand Total: 40 creatures vanquished

Notes
Turn   | Place    | Note
-------+----------+-------------------------------------------
     0 | D:1      | JeffiDaFish the Ogre Berserker began the quest for the Orb.
     0 | D:1      | Reached XP level 1. HP: 24/24 MP: 1/1
    46 | D:1      | Reached XP level 2. HP: 27/32 MP: 2/2
   681 | D:1      | Reached XP level 3. HP: 40/40 MP: 3/3
   747 | D:2      | Found a deep blue altar of Sif Muna.
   769 | D:2      | Noticed Terence
   793 | D:2      | Killed Terence
  1212 | D:2      | Reached XP level 4. HP: 49/49 MP: 4/4
  1685 | D:2      | Reached skill level 5 in Maces & Flails
  1728 | D:2      | Reached ** piety under Trog
  1858 | D:2      | Noticed Natasha
  1860 | D:2      | Reached skill level 5 in Fighting
  1868 | D:2      | Killed from afar by Natasha

Vault maps used:
D:1:      ldierk_walled_garden, nrook_mini_backslash, st_stairs_11,
          serial_park_tiny_pond
D:2:      gammafunk_temple_overflow_claw, lemuel_blue_sif_altar, uniq_natasha,
          uniq_terence

Skill      XL: |  1  2  3  4 |
---------------+-------------+-----
Dodging        | 3 |  3.4
Maces & Flails | 5 |  5.0
Fighting       | 5 |  5.0

Action                   |  1- 3 |  4- 6 || total
-------------------------+-------+-------++-------
Melee: Mace              |    96 |    25 ||   121
  Use: Scroll            |     2 |     3 ||     5
       Potion            |       |     4 ||     4
 Stab: Sleeping          |       |     1 ||     1
  Eat: Chunk             |       |     3 ||     3
Armor: Animal skin       |    56 |    10 ||    66
Dodge: Dodged            |    83 |    20 ||   103
